 Dungeon Crawl Stone Soup version 0.30-a0-1094-g860fb061e7 (webtiles) character file.

Game seed: 13771296357250372161

8888 jasper the Covert (level 11, -2/56 HPs)
             Began as a Spriggan Enchanter on Apr 17, 2023.
             Was a Believer of Kikubaaqudgha.
             Slain by a dream sheep (29 damage)
             ... on level 10 of the Dungeon.
             The game lasted 00:20:46 (11245 turns).

jasper the Covert (Spriggan Enchanter)             Turns: 11245, Time: 00:20:46

Health: -2/56      AC:  2    Str:  4    XL:     11   Next: 15%
Magic:  16/21      EV:  4    Int: 26    God:    Kikubaaqudgha [**....]
Gold:   549        SH:  0    Dex: 17    Spells: 12/22 levels left

rFire   . . .      SeeInvis +    e - +0 quick blade (vamp)
rCold   . . .      Faith    .    (no shield)
rNeg    . . .      Spirit   .    b - +0 robe
rPois   .          Reflect  .    B - +0 hat
rElec   .          Rampage  .    (no cloak)
rCorr   .                        (gloves unavailable)
Will    +....                    (boots unavailable)
Stlth   +++++                    (no amulet)
HPRegen 0.29/turn                r - +6 ring of intelligence
MPRegen 0.17/turn                (no ring)

@: sleeping, very quick
A: very small, no large weapons, unfitting armour, see invisible, speed 3
a: Renounce Religion, Unearth Wretches


You were on level 10 of the Dungeon.
You worshipped Kikubaaqudgha.
Kikubaaqudgha was pleased with you.
You visited 2 branches of the dungeon, and saw 11 of its levels.

You collected 619 gold pieces.
You spent 70 gold pieces at shops.

Inventory:

Hand Weapons
 a - a +2 dagger
 e - a +0 vampiric quick blade (weapon)
 i - a +1 whip of venom
 y - a +2 scimitar
 J - a +3 dagger of distortion
Armour
 b - a +0 robe (worn)
 B - a +0 hat (worn)
Magical Staves
 K - a staff of poison
Jewellery
 f - an amulet of faith
 n - a ring of wizardry
 r - a +6 ring of intelligence (left hand)
 F - a ring of wizardry
 H - a +6 ring of strength
Wands
 s - a wand of polymorph (6)
 D - a wand of charming (17)
Scrolls
 h - 5 scrolls of fear
 j - a scroll of amnesia
 o - a scroll of enchant weapon
 p - a scroll of enchant armour
 q - 6 scrolls of teleportation
 u - 3 scrolls of blinking
 w - 2 scrolls of fog
 x - a scroll of magic mapping
 A - a scroll of immolation
 C - a scroll of silence
Potions
 c - a potion of invisibility
 d - 4 potions of might
 g - 3 potions of heal wounds
 k - 2 potions of mutation
 l - 3 potions of curing
 m - 3 potions of attraction
 t - a potion of degeneration
 v - a potion of resistance
 z - 4 potions of brilliance
 E - 3 potions of haste
 I - a potion of magic


   Skills:
 + Level 6.2 Fighting
 - Level 8.0 Short Blades
 + Level 10.3 Dodging
 + Level 12.5 Stealth
 - Level 6.0 Spellcasting
 + Level 9.9 Hexes


You had 12 spell levels left.
You knew the following spells:

 Your Spells              Type           Power      Damage    Failure   Level
a - Ensorcelled Hibernat  Hex/Ice        66%        N/A       1%          2
b - Confusing Touch       Hex            56%        N/A       1%          3
c - Tukima's Dance        Hex            56%        N/A       1%          3
d - Sublimation of Blood  Necr           7%         N/A       11%         2

Your spell library contained the following spells:

 Spells                   Type           Power      Damage    Failure   Level
 Slow                     Hex            100%       N/A       1%          1
 Dazzling Flash           Conj/Hex       66%        N/A       2%          3
 Beastly Appendage        Tmut           14%        N/A       7%          1
 Necrotise                Necr           28%        1d5       7%          1
 Sandblast                Erth           14%        2d6       7%          1
 Sting                    Tmut/Pois      28%        1d4       7%          1
 Cigotuvi's Dreadful Rot  Necr/Pois/Air  14%        N/A       11%         2
 Passwall                 Tmut/Erth      5%         N/A       11%         2
 Poisonous Vapours        Pois/Air       14%        N/A       11%         2
 Wereblood                Tmut           7%         N/A       11%         2
 Ignite Poison            Fire/Tmut/Pois 7%         N/A       21%         3
 Spider Form              Tmut/Pois      7%         N/A       21%         3
 Stone Arrow              Conj/Erth      14%        3d7       21%         3
 Vampiric Draining        Necr           7%         2d6       21%         3
 Silence                  Hex/Air        16%        N/A       26%         5
 Animate Dead             Necr           7%         N/A       56%         4
 Olgreb's Toxic Radiance  Pois           7%         N/A       56%         4
 Passage of Golubria      Tloc           7%         N/A       56%         4
 Freezing Cloud           Conj/Ice/Air   3%         6-21      88%         5
 Lehudib's Crystal Spear  Conj/Erth      3%         10d3      100%        8


Dungeon Overview and Level Annotations

Branches:
Dungeon (10/15)            Temple (1/1) D:7            Lair (0/5) D:8
    Orc: D:9-12

Altars:
Ashenzari
Cheibriados
Dithmenos
Elyvilon
Gozag
Hepliaklqana
Kikubaaqudgha
Makhleb
Nemelex Xobeh
Okawaru
Ru
Sif Muna
Uskayaw
Vehumet
Wu Jian
Xom
The Shining One

Shops:
D:3 !

Annotations:
D:4 3 runed translucent doors, SpyderV's ghost, amateur HOFi
D:8 Gastronok


Innate Abilities, Weirdness & Mutations

You are very small and have problems with some larger weapons.
You are too small for most types of armour.
You have supernaturally acute eyesight. (SInv)
You cover ground extremely quickly. (Speed+++)


Message History

A dream sheep comes into view.
A dream sheep is nearby!
A dream sheep comes into view.
A dream sheep comes into view.
The dream sheep bleats! x3; You hear a bleat!
The dream sheep shake their wool and sparkle.
You feel drowsy...
You fall asleep.
The dream sheep bites you!!
You wake up.
Ouch! That really hurt!
You hear a bleat!
You take 31 damage, and have 25/56 hp.
MASSIVE DAMAGE!!
Unknown command.
Unknown command.
Aiming: Ensorcelled Hibernation (safe; 1% risk of failure)
Press: ? - help, Q - select action, (/) - cycle Shift-Dir - straight line, f - dream sheep
Aim: a dream sheep (chance to affect: 53%)
The dream sheep looks drowsy...
A dream sheep comes into view.
You now have 19/21 mp.
The helpless dream sheep fails to defend itself.
You skewer the dream sheep like a kebab!!!!
You kill the dream sheep!
Kikubaaqudgha accepts your kill.
Aiming: Ensorcelled Hibernation (safe; 1% risk of failure)
Press: ? - help, Q - select action, (/) - cycle Shift-Dir - straight line, f - dream sheep
Aim: a dream sheep (chance to affect: 53%)
The dream sheep looks drowsy...
You now have 17/21 mp.
Aiming: Ensorcelled Hibernation (safe; 1% risk of failure)
Press: ? - help, Q - select action, (/) - cycle Shift-Dir - straight line, f - dream sheep, p - dream sheep
Aim: a dream sheep (chance to affect: 53%)
The dream sheep looks drowsy...
You now have 15/21 mp.
The dream sheep are wreathed in dream dust.
You feel drowsy...
You fall asleep.
The dream sheep bleats!
The dream sheep bites you!!
Ouch! That really hurt!
You die...
Kikubaaqudgha rasps: "You have failed me!
Welcome... death!"

#####.## ##......#
####..####.# # ##.
###....## #.# #.##..
#...#### #.# #.##.#
#.### #.# #....> #.#
###### #.###.....
#[###Y...###..##.....
#.'.@Y.Y...##.#......
#######.....#...#....
##...##..#....
...#......#
..#......# .#.......
#......# #.......
##.....#


You could see 3 dream sheep.

Vanquished Creatures
  A two-headed ogre (D:8)
  Joseph (D:7)
  Psyche (D:9)
  2 trolls (D:9)
  A hornet (D:8)
  Prince Ribbit (D:5)
  A dream sheep (D:10)
  A shadow (D:5)
  A wyvern (D:8)
  18 yaks
  2 steam dragons
  Menkaure (D:7)
  2 water moccasins
  An orc warrior (D:7)
  2 sky beasts
  A black bear (D:4)
  3 ice beasts
  3 ogres
  2 centaurs
  2 kobold brigands
  A phantom (D:5)
  A bullfrog (D:7)
  2 scorpions
  3 wights (D:8)
  6 howler monkeys
  2 vampire bats (D:3)
  An electric eel (D:7)
  4 hounds
  4 jellies
  6 orc priests
  6 iguanas
  11 orc wizards
  A sleepcap (D:6)
  8 gnolls
  10 adders
  A shadow imp (D:7)
  7 white imps
  2 ufetubi
  2 worms
  4 dart slugs
  20 orcs
  9 endoplasms
  4 giant cockroaches
  6 goblins
  7 hobgoblins (D:1)
  3 jackals (D:2)
  17 kobolds
  7 quokkas
  7 ball pythons
  12 bats
  5 frilled lizards
  7 rats
233 creatures vanquished.

Vanquished Creatures (collateral kills)
  2 wights (D:8)
  An orc (D:7)
3 creatures vanquished.

Vanquished Creatures (others)
  5 dancing weapons
  An orc wizard (D:5)
  2 fungi (D:4)
  2 plants (D:4)
10 creatures vanquished.

Grand Total: 246 creatures vanquished

Notes
Turn   | Place    | Note
-------+----------+-------------------------------------------
     0 | D:1      | jasper the Spriggan Enchanter began the quest for the Orb.
     0 | D:1      | Reached XP level 1. HP: 9/9 MP: 5/5
   214 | D:1      | Reached XP level 2. HP: 13/13 MP: 6/6
   267 | D:1      | Learned a level 2 spell: Ensorcelled Hibernation
   843 | D:1      | Reached XP level 3. HP: 17/17 MP: 5/8
   849 | D:1      | Learned a level 3 spell: Confusing Touch
   853 | D:1      | Learned a level 3 spell: Tukima's Dance
  1292 | D:2      | Reached skill level 5 in Stealth
  1824 | D:2      | Reached XP level 4. HP: 21/21 MP: 7/10
  1914 | D:2      | Reached skill level 1 in Fighting
  2772 | D:3      | Found Peinik's Distillery.
  2777 | D:3      | Bought a potion of curing for 30 gold pieces
  2777 | D:3      | Bought a potion of might for 40 gold pieces
  2837 | D:3      | Reached XP level 5. HP: 18/25 MP: 7/11
  3750 | D:4      | Noticed an ogre
  3754 | D:4      | Noticed a black bear
  3758 | D:4      | Killed an ogre
  3759 | D:4      | Reached skill level 6 in Stealth
  3759 | D:4      | Reached XP level 6. HP: 30/30 MP: 8/13
  4122 | D:4      | Found a runed translucent gate.
  4122 | D:4      | Found a runed translucent gate.
  4122 | D:4      | Found a runed translucent gate.
  4125 | D:4      | Noticed SpyderV's ghost (amateur HOFi)
  4157 | D:4      | Reached skill level 5 in Hexes
  4179 | D:4      | Found an opulent altar of Gozag.
  4269 | D:4      | Reached XP level 7. HP: 12/35 MP: 4/14
  4920 | D:4      | Reached skill level 7 in Stealth
  4935 | D:4      | Reached skill level 5 in Dodging
  5190 | D:5      | Entered Level 5 of the Dungeon
  5275 | D:5      | Reached skill level 5 in Spellcasting
  5281 | D:5      | Noticed a shadow
  5287 | D:5      | Killed a shadow
  5418 | D:5      | Identified the +3 plate armour of the Silversmith {rF+
                  | Str+5}
  5499 | D:5      | Reached XP level 8. HP: 39/39 MP: 16/16
  5765 | D:5      | Noticed Prince Ribbit
  5778 | D:5      | Killed Prince Ribbit
  5868 | D:5      | Reached skill level 8 in Stealth
  6426 | D:6      | Reached skill level 5 in Short Blades
  6956 | D:6      | Reached XP level 9. HP: 45/45 MP: 16/19
  7155 | D:7      | Reached skill level 9 in Stealth
  7237 | D:7      | Found a broken altar of Ashenzari.
  7478 | D:7      | Noticed Menkaure
  7489 | D:7      | Killed Menkaure
  7562 | D:7      | Found a staircase to the Ecumenical Temple.
  7573 | Temple   | Entered the Ecumenical Temple
  7595 | Temple   | Became a worshipper of Kikubaaqudgha
  7751 | D:7      | Noticed Joseph
  7765 | D:7      | Killed Joseph
  7766 | D:7      | Reached skill level 10 in Stealth
  8643 | D:8      | Noticed a two-headed ogre
  8794 | D:8      | Killed a two-headed ogre
  8795 | D:8      | Reached skill level 5 in Fighting
  8795 | D:8      | Reached XP level 10. HP: 51/51 MP: 1/20
  8938 | D:8      | Reached * piety under Kikubaaqudgha
  8938 | D:8      | Received a gift from Kikubaaqudgha
  8947 | D:8      | Learned a level 2 spell: Sublimation of Blood
  9030 | D:8      | Reached skill level 11 in Stealth
  9332 | D:8      | Found a staircase to the Lair.
  9462 | D:8      | Found a burning altar of Makhleb.
  9627 | D:8      | Noticed Gastronok
  9828 | D:9      | Found a radiant altar of Vehumet.
  9830 | D:9      | Found a shimmering blue altar of Sif Muna.
  9833 | D:9      | Found a hazy altar of Hepliaklqana.
  9833 | D:9      | Found an iron altar of Okawaru.
  9849 | D:9      | Noticed Psyche
  9861 | D:9      | Killed Psyche
 10221 | D:9      | Reached skill level 12 in Stealth
 10708 | D:9      | Identified a scroll of acquirement
 10710 | D:9      | Acquired a +0 vampiric quick blade
 10728 | D:10     | Entered Level 10 of the Dungeon
 10792 | D:10     | Reached skill level 10 in Dodging
 10817 | D:10     | Reached XP level 11. HP: 56/56 MP: 15/21
 10998 | D:10     | Reached ** piety under Kikubaaqudgha
 11245 | D:10     | Slain by a dream sheep

Illustrated notes

Levels and vault maps discovered:
D:1:      saegor_arrival_simple_c, layout_basic, minmay_tromino_v4_b
D:2:      minmay_door_path, layout_loops_corners, grunt_decor_mini_mirrors
D:3:      layout_basic, serial_shops, shop, roderic_batcave
D:4:      layout_basic, grunt_gozag_statues, gammafunk_ghost_nasty_kobolds
D:5:      layout_loops_ring, kennysheep_pointless_box, grunt_decor_one_mirror,
          dk_noncrumbling_3, uniq_prince_ribbit1
D:6:      layout_rooms, kennysheep_generic_room_7
D:7:      layout_basic, nicolae_ashenzari_skybound, minmay_temple_entry_ruins,
          minivault_14, grunt_ministairs_10, serial_park_tiny_1, minivault_26,
          uniq_joseph, uniq_menkaure
D:8:      layout_loops_cross, nicolae_overflow_crystal_walls, lair_entry_dummy,
          uniq_gastronok
D:9:      layout_irregular_city, chequers_temple_overflow_statue_of_worship,
          uniq_psyche
D:10:     layout_rooms, hellmonk_guarded_unrand_night, uniq_grum
Temple:   eino_wide_crystal_templ

Skill      XL: |  1  2  3  4  5  6  7  8  9 10 |
---------------+-------------------------------+-----
Spellcasting   | 3 4 5 6 |  6.0
Dodging        | 3 4 5 6 8 10 | 10.3
Stealth        | 5 6 7 8 10 12 | 12.5
Hexes          | 4 5 6 8 9 |  9.9
Short Blades   | 2 3 4 5 7 8 |  8.0
Fighting       | 1 2 3 5 6 |  6.2

Action                     |  1- 3 |  4- 6 |  7- 9 | 10-12 || total
---------------------------+-------+-------+-------+-------++-------
  Melee: Dagger            |    69 |   119 |   236 |    59 ||   483
         Punch             |       |     1 |     2 |     1 ||     4
         Quick blade       |       |       |       |    17 ||    17
   Cast: Ensorcelled Hiber |    18 |    30 |   102 |    60 ||   210
         Tukima's Dance    |       |     2 |     9 |     3 ||    14
         Confusing Touch   |       |     3 |    17 |     5 ||    25
  Evoke: Wand              |       |       |    11 |       ||    11
    Use: Scroll            |     3 |     8 |     9 |     3 ||    23
         Potion            |       |       |     3 |     2 ||     5
   Stab: Sleeping          |    34 |    33 |    68 |    34 ||   169
         Distracted        |     1 |       |       |       ||     1
         Confused          |       |     3 |    16 |     4 ||    23
         Invisible         |       |       |       |     2 ||     2
 Armour: Robe              |     3 |     7 |     6 |     1 ||    17
  Dodge: Dodged            |    20 |   118 |   173 |    49 ||   360

Table legend: (Time is in decaauts)
 A = Elapsed time spent in this place.
 B = Non-inter-level travel time spent in this place.
 C = Inter-level travel time spent in this place.
 D = Time resting spent in this place.
 E = Time spent auto-exploring this place.
 F = Levels seen in this place.
 G = Mean time per level.
                   A        B        C        D        E       F      G
               +--------+--------+--------+--------+--------+-----+--------+
         Total |   8418 |   8256 |    162 |    315 |   6264 |  11 |  765.3 |
       Dungeon |   8393 |   8240 |    153 |    315 |   6257 |  10 |  839.3 |
        Temple |     24 |     15 |      9 |      0 |      7 |   1 |   24.0 |
               +--------+--------+--------+--------+--------+-----+--------+

Top non-repeatable levels by time:
     D:4: 1134 daAuts
     D:2: 1074 daAuts
     D:7: 1036 daAuts
     D:8: 994 daAuts
     D:5: 820 daAuts
     D:1: 816 daAuts
     D:3: 759 daAuts
     D:6: 687 daAuts
     D:9: 647 daAuts
    D:10: 424 daAuts
  Temple: 24 daAuts
